[ AOE2 MATCH · #506131073 ]
UnrankedMagyars vs Maya
Player's team · LOSS
Rival team · WIN
[ REPLAY ANALYSIS · EXTRACTED FROM THE RECORDED GAME ]
Feudal
9:27
Castle
22:46
Imperial
—
| APM avg | 71.2 |
| APM peak | 119 |
| eAPM avg | 28.5 |
| Villagers / military | 63 / 27 |
Focus
⚔️ 44.6% · 🌾 55.4%
Archer ×15 · Skirmisher ×6 · Scout Cavalry ×4 · Mangonel ×1 · Spearman ×1
Feudal
10:43
Castle
20:51
Imperial
—
| APM avg | 60.4 |
| APM peak | 96 |
| eAPM avg | 24.5 |
| Villagers / military | 62 / 47 |
Focus
⚔️ 38.0% · 🌾 62.0%
Archer ×40 · Militia ×5 · Eagle Scout ×2
Match map
Initial resources + every placement click. Lines = walls · curves = elevation contours. ◆ gold · ⬟ stone · ● berries · ✦ relic · ◌ wall gap
Your base· Open — opponent sealed themselves in
CNZS_Donghaidi's base· ✓ Closed at 20:51 · 32t walls · 1 gate(s)
Smoothed initial terrain · ◌ = detected wall gap · hover for details
Inputs per minute
— DK | Good_luck - - CNZS_Donghaidi
Build order — DK | Good_luck
First 150 of 170 actions detected
| 0:00 | Create | Villager (Male) |
| 0:01 | Build | House |
| 0:02 | Build | House |
| 0:07 | Create | Villager (Male) |
| 0:12 | Create | Villager (Male) |
| 0:16 | Create | Villager (Male) |
| 0:17 | Create | Villager (Male) |
| 1:17 | Create | Villager (Male) |
| 1:17 | Create | Villager (Male) |
| 1:36 | Create | Villager (Male) |
| 1:36 | Create | Villager (Male) |
| 1:53 | Build | Lumber Camp |
| 2:18 | Create | Villager (Male) |
| 2:18 | Create | Villager (Male) |
| 2:52 | Create | Villager (Male) |
| 2:53 | Create | Villager (Male) |
| 3:07 | Create | Villager (Male) |
| 3:07 | Create | Villager (Male) |
| 3:26 | Build | House |
| 3:41 | Create | Villager (Male) |
| 3:41 | Create | Villager (Male) |
| 3:54 | Create | Villager (Male) |
| 4:17 | Build | Mill |
| 4:30 | Create | Villager (Male) |
| 4:49 | Create | Villager (Male) |
| 5:19 | Create | Villager (Male) |
| 5:38 | Create | Villager (Male) |
| 5:39 | Create | Villager (Male) |
| 5:43 | Research | Loom |
| 6:06 | Build | Palisade Wall |
| 6:12 | Build | Palisade Wall |
| 6:21 | Build | Palisade Wall |
| 7:11 | Build | Palisade Wall |
| 7:17 | Research | Feudal Age |
| 7:44 | Build | Mill |
| 8:10 | Create | Villager (Male) |
| 8:41 | Build | Barracks |
| 9:04 | Build | House |
| 9:25 | Create | Villager (Male) |
| 9:27 | Age | Feudal Age |
| 9:31 | Build | House |
| 9:33 | Create | Villager (Male) |
| 9:39 | Build | Stable |
| 9:55 | Create | Villager (Male) |
| 9:58 | Create | Spearman |
| 10:04 | Build | House |
| 10:08 | Research | Double-Bit Axe |
| 10:16 | Create | Scout Cavalry |
| 10:16 | Create | Scout Cavalry |
| 10:27 | Create | Villager (Male) |
| 10:37 | Create | Villager (Male) |
| 10:57 | Build | Mining Camp |
| 11:11 | Create | Scout Cavalry |
| 11:22 | Create | Villager (Male) |
| 11:36 | Build | Archery Range |
| 11:42 | Build | House |
| 11:49 | Create | Villager (Male) |
| 12:00 | Build | House |
| 12:05 | Create | Scout Cavalry |
| 12:14 | Create | Archer |
| 12:14 | Create | Archer |
| 12:21 | Create | Villager (Male) |
| 12:23 | Build | Farm |
| 12:43 | Create | Villager (Male) |
| 12:44 | Create | Archer |
| 12:49 | Create | Villager (Male) |
| 12:52 | Build | Farm |
| 12:52 | Build | Farm |
| 13:24 | Create | Archer |
| 13:25 | Create | Villager (Male) |
| 13:31 | Build | House |
| 13:37 | Build | Palisade Wall |
| 13:50 | Create | Villager (Male) |
| 13:55 | Build | Blacksmith |
| 14:00 | Build | Farm |
| 14:09 | Create | Archer |
| 14:19 | Create | Archer |
| 14:22 | Create | Villager (Male) |
| 14:28 | Build | Farm |
| 14:32 | Build | House |
| 14:39 | Build | House |
| 14:40 | Build | House |
| 14:43 | Research | Fletching |
| 14:43 | Research | Fletching |
| 14:53 | Create | Archer |
| 15:02 | Build | Farm |
| 15:08 | Create | Villager (Male) |
| 15:08 | Create | Villager (Male) |
| 15:10 | Build | Farm |
| 15:10 | Build | Farm |
| 15:27 | Create | Villager (Male) |
| 15:39 | Build | House |
| 15:45 | Create | Archer |
| 15:58 | Build | Farm |
| 15:58 | Create | Villager (Male) |
| 16:00 | Build | Farm |
| 16:07 | Create | Archer |
| 16:21 | Create | Villager (Male) |
| 16:23 | Build | Palisade Wall |
| 16:25 | Create | Villager (Male) |
| 16:27 | Build | Farm |
| 16:27 | Build | Farm |
| 16:36 | Create | Archer |
| 16:56 | Create | Villager (Male) |
| 16:58 | Build | Farm |
| 17:16 | Create | Archer |
| 17:22 | Build | House |
| 17:39 | Build | House |
| 17:48 | Create | Archer |
| 17:55 | Create | Archer |
| 17:57 | Build | Farm |
| 17:58 | Build | Farm |
| 18:12 | Create | Villager (Male) |
| 18:13 | Create | Villager (Male) |
| 18:24 | Build | Lumber Camp |
| 18:28 | Create | Archer |
| 18:48 | Build | Palisade Wall |
| 18:56 | Build | Farm |
| 18:58 | Create | Archer |
| 19:05 | Create | Villager (Male) |
| 19:16 | Build | Farm |
| 19:37 | Create | Villager (Male) |
| 20:06 | Research | Castle Age |
| 20:17 | Create | Skirmisher |
| 20:17 | Create | Skirmisher |
| 20:35 | Research | Horse Collar |
| 20:39 | Build | Farm |
| 20:41 | Build | Farm |
| 20:55 | Research | Padded Archer Armor |
| 20:56 | Research | Padded Archer Armor |
| 20:57 | Create | Skirmisher |
| 21:13 | Research | Scale Barding Armor |
| 21:13 | Research | Scale Barding Armor |
| 21:22 | Create | Skirmisher |
| 21:30 | Build | Farm |
| 21:41 | Create | Villager (Male) |
| 21:44 | Build | Farm |
| 21:52 | Create | Skirmisher |
| 22:02 | Create | Villager (Male) |
| 22:10 | Create | Villager (Male) |
| 22:26 | Build | House |
| 22:33 | Create | Villager (Male) |
| 22:41 | Create | Villager (Male) |
| 22:45 | Create | Villager (Male) |
| 22:46 | Age | Castle Age |
| 22:48 | Build | Siege Workshop |
| 22:53 | Build | Town Center |
| 23:03 | Research | Bodkin Arrow |
| 23:04 | Create | Mangonel |
| 23:15 | Create | Villager (Male) |
Build order — CNZS_Donghaidi
First 150 of 191 actions detected
| 0:01 | Research | Loom |
| 0:01 | Research | Loom |
| 0:02 | Build | House |
| 0:03 | Build | House |
| 0:15 | Create | Villager (Male) |
| 0:15 | Create | Villager (Male) |
| 0:23 | Create | Villager (Male) |
| 1:26 | Create | Villager (Male) |
| 1:53 | Build | Lumber Camp |
| 1:53 | Create | Villager (Male) |
| 2:16 | Create | Villager (Male) |
| 2:16 | Create | Villager (Male) |
| 2:56 | Create | Villager (Male) |
| 2:56 | Create | Villager (Male) |
| 3:04 | Create | Villager (Male) |
| 3:04 | Create | Villager (Male) |
| 3:47 | Create | Villager (Male) |
| 3:47 | Create | Villager (Male) |
| 3:58 | Create | Villager (Male) |
| 4:03 | Build | House |
| 4:29 | Create | Villager (Male) |
| 4:33 | Build | Barracks |
| 4:50 | Create | Villager (Male) |
| 5:09 | Build | House |
| 5:20 | Create | Villager (Male) |
| 5:30 | Create | Militia |
| 5:37 | Build | House |
| 5:40 | Create | Villager (Male) |
| 5:49 | Create | Militia |
| 5:52 | Build | Palisade Wall |
| 6:09 | Create | Villager (Male) |
| 6:27 | Create | Villager (Male) |
| 6:41 | Build | Palisade Wall |
| 7:05 | Build | Mill |
| 7:08 | Create | Villager (Male) |
| 7:24 | Build | Palisade Wall |
| 7:36 | Create | Villager (Male) |
| 7:54 | Build | Palisade Wall |
| 8:00 | Create | Villager (Male) |
| 8:07 | Build | Mining Camp |
| 8:33 | Research | Feudal Age |
| 8:41 | Build | Palisade Wall |
| 8:55 | Create | Militia |
| 9:06 | Build | House |
| 9:13 | Create | Militia |
| 9:44 | Build | Palisade Wall |
| 9:51 | Create | Militia |
| 9:57 | Create | Villager (Male) |
| 10:15 | Build | Palisade Wall |
| 10:16 | Build | Palisade Wall |
| 10:17 | Build | Palisade Wall |
| 10:19 | Build | Palisade Wall |
| 10:20 | Build | House |
| 10:43 | Age | Feudal Age |
| 10:48 | Build | Archery Range |
| 10:48 | Research | Man-at-Arms (upgrade) |
| 10:54 | Research | Double-Bit Axe |
| 10:58 | Build | Mill |
| 10:59 | Create | Villager (Male) |
| 11:20 | Create | Villager (Male) |
| 11:21 | Build | Farm |
| 11:36 | Create | Archer |
| 11:44 | Build | Farm |
| 11:58 | Create | Villager (Male) |
| 12:02 | Build | Farm |
| 12:05 | Create | Archer |
| 12:26 | Create | Villager (Male) |
| 12:31 | Research | Double-Bit Axe |
| 12:34 | Create | Archer |
| 12:47 | Build | Farm |
| 12:50 | Create | Villager (Male) |
| 12:54 | Create | Archer |
| 12:58 | Create | Villager (Male) |
| 13:01 | Build | House |
| 13:21 | Create | Villager (Male) |
| 13:45 | Build | Blacksmith |
| 13:46 | Create | Archer |
| 13:51 | Create | Villager (Male) |
| 14:00 | Build | Farm |
| 14:06 | Build | House |
| 14:12 | Create | Villager (Male) |
| 14:28 | Build | Farm |
| 14:29 | Build | Farm |
| 14:32 | Research | Fletching |
| 14:35 | Build | Farm |
| 14:35 | Create | Archer |
| 14:43 | Build | House |
| 14:46 | Create | Villager (Male) |
| 14:49 | Create | Archer |
| 14:49 | Create | Archer |
| 14:57 | Create | Villager (Male) |
| 15:18 | Create | Villager (Male) |
| 15:26 | Build | Farm |
| 15:27 | Build | Farm |
| 15:32 | Build | Farm |
| 15:37 | Build | House |
| 15:43 | Build | Farm |
| 15:47 | Create | Villager (Male) |
| 15:54 | Create | Villager (Male) |
| 15:59 | Build | Farm |
| 16:00 | Create | Archer |
| 16:07 | Build | House |
| 16:08 | Build | House |
| 16:42 | Create | Villager (Male) |
| 16:46 | Create | Archer |
| 17:04 | Build | House |
| 17:31 | Create | Villager (Male) |
| 17:45 | Create | Archer |
| 17:59 | Build | Market |
| 18:11 | Research | Castle Age |
| 18:14 | Build | Archery Range |
| 18:17 | Create | Archer |
| 18:29 | Build | Lumber Camp |
| 18:49 | Create | Archer |
| 18:59 | Research | Horse Collar |
| 19:00 | Research | Padded Archer Armor |
| 19:13 | Create | Archer |
| 19:14 | Create | Archer |
| 19:22 | Create | Villager (Male) |
| 19:36 | Create | Archer |
| 19:55 | Build | Farm |
| 19:56 | Create | Archer |
| 20:10 | Build | Palisade Gate |
| 20:18 | Create | Archer |
| 20:20 | Create | Archer |
| 20:37 | Build | Palisade Gate |
| 20:41 | Create | Archer |
| 20:51 | Age | Castle Age |
| 20:53 | Research | Crossbowman (upgrade) |
| 20:58 | Research | Bodkin Arrow |
| 20:59 | Create | Villager (Male) |
| 21:02 | Create | Villager (Male) |
| 21:03 | Build | Town Center |
| 21:08 | Build | University |
| 21:16 | Create | Villager (Male) |
| 21:34 | Create | Archer |
| 21:34 | Create | Archer |
| 21:36 | Create | Villager (Male) |
| 21:43 | Create | Villager (Male) |
| 22:01 | Create | Villager (Male) |
| 22:12 | Research | Ballistics |
| 22:12 | Research | Ballistics |
| 22:13 | Build | House |
| 22:26 | Build | House |
| 22:30 | Create | Archer |
| 22:31 | Create | Archer |
| 22:38 | Build | Farm |
| 22:41 | Create | Archer |
| 22:42 | Create | Archer |
| 22:49 | Build | House |
Match timeline
| 4:33 | CNZS_Donghaidi · first_building Barracks |
| 5:52 | CNZS_Donghaidi · wall_segment Palisade Wall x5 |
| 6:06 | DK | Good_luck · wall_segment Palisade Wall x9 |
| 6:12 | DK | Good_luck · wall_segment Palisade Wall x7 |
| 6:21 | DK | Good_luck · wall_segment Palisade Wall x8 |
| 6:41 | CNZS_Donghaidi · wall_segment Palisade Wall x4 |
| 7:11 | DK | Good_luck · wall_segment Palisade Wall x1 |
| 7:24 | CNZS_Donghaidi · wall_segment Palisade Wall x5 |
| 7:54 | CNZS_Donghaidi · wall_segment Palisade Wall x1 |
| 8:41 | CNZS_Donghaidi · wall_segment Palisade Wall x8 |
| 8:41 | DK | Good_luck · first_building Barracks |
| 9:27 | DK | Good_luck · age_up feudal |
| 9:39 | DK | Good_luck · first_building Stable |
| 9:44 | CNZS_Donghaidi · wall_segment Palisade Wall x5 |
| 10:15 | CNZS_Donghaidi · wall_segment Palisade Wall x1 |
| 10:16 | CNZS_Donghaidi · wall_segment Palisade Wall x1 |
| 10:17 | CNZS_Donghaidi · wall_segment Palisade Wall x1 |
| 10:19 | CNZS_Donghaidi · wall_segment Palisade Wall x1 |
| 10:43 | CNZS_Donghaidi · age_up feudal |
| 10:48 | CNZS_Donghaidi · first_building Archery Range |
| 11:36 | DK | Good_luck · first_building Archery Range |
| 13:37 | DK | Good_luck · wall_segment Palisade Wall x17 |
| 16:23 | DK | Good_luck · wall_segment Palisade Wall x16 |
| 18:48 | DK | Good_luck · wall_segment Palisade Wall x2 |
| 20:51 | CNZS_Donghaidi · age_up castle |
| 22:46 | DK | Good_luck · age_up castle |
| 22:48 | DK | Good_luck · first_building Siege Workshop |
| 25:40 | DK | Good_luck · wall_segment Palisade Wall x1 |
| 25:51 | DK | Good_luck · resign |
[ AI ANALYSIS · 1 CREDIT ]
What really happened in this match?
Wolo.gg analyzes every decision: build order, eco, micro, common mistakes by bracket. Personalized analysis on WhatsApp or Discord in 30 seconds.
Civ guide
Magyars
Perfil
Jugador #689666